 Dungeon Crawl Stone Soup version 0.17.1-1-g73c8601 (webtiles) character file.

36222 MackTheKnife the Imperceptible (level 13, -2/88 HPs)
             Began as an Octopode Wanderer on Dec 28, 2015.
             Was the Champion of Dithmenos.
             Slain by an orc
             ... wielding a +0 trident
              (4 damage)
             ... on level 1 of the Orcish Mines.
             The game lasted 00:49:16 (17033 turns).

MackTheKnife the Imperceptible (Octopode Wanderer) Turns: 17033, Time: 00:49:16

Health: -2/88      AC:  9    Str: 11    XL:     13   Next: 88%
Magic:  19/19      EV: 12    Int: 21    God:    Dithmenos [******]
Gold:   1133       SH:  0    Dex: 15    Spells: 0 memorised, 12 levels left

rFire  + . .     SeeInvis +     a - +6 dagger (distort) {!w}
rCold  + . .     Clarity  .     (no shield)
rNeg   . . .     SustAt   .     g - +2 hat
rPois  .         Gourm    .     i - amulet of regeneration {+regen, !d}
rElec  .         Spirit   .     e - ring of protection from magic {MR+, !d}
rCorr  .         Warding  .     s - +5 ring of protection
rMut   .         Stasis   .     y - +4 ring of strength
MR     ++...                    b - ring of see invisible {sInv, !d}
Stlth  ++++++++++               C - ring "Wolexy Okhlen" {+Fly rC++ MR+ AC+1 Str-4}
                                F - ring of fire {rF+, rC-}
                                m - +5 ring of intelligence
                                I - ring of wizardry {Wiz+, !d}

@: wreathed by umbra, very resistant to hostile enchantments, uncannily stealthy
A: almost no armour, amphibious, 8 rings, constrict 8, camouflage 1, gelatinous
body 1
a: Shadow Step, Shadow Form, Renounce Religion, Evoke Flight


You were on level 1 of the Orcish Mines.
You worshipped Dithmenos.
Dithmenos was exalted by your worship.
You were hungry.

You visited 4 branches of the dungeon, and saw 21 of its levels.
You also visited: Labyrinth and Ossuary.

You collected 1394 gold pieces.
You spent 261 gold pieces at shops.

Inventory:

Hand Weapons
 a - a +6 dagger of distortion (weapon) {!w}
   (You took it off Psyche on level 8 of the Dungeon)
Armour
 g - a +2 hat (worn)
   (You found it on level 1 of the Dungeon)
Jewellery
 b - a ring of see invisible (on tentacle) {sInv, !d}
   (You acquired it on level 8 of the Dungeon)
 e - a ring of protection from magic (left tentacle) {MR+, !d}
   (You found it on level 1 of the Dungeon)
 i - an amulet of regeneration (around mantle) {+regen, !d}
   (You found it on level 2 of the Dungeon)
 m - a +5 ring of intelligence (on tentacle)
   (You found it on level 1 of the Lair of Beasts)
 s - a +5 ring of protection (right tentacle)
   (You found it on level 5 of the Dungeon)
 v - an uncursed amulet of stasis {Stasis, !d}
   (You found it on level 8 of the Lair of Beasts)
 y - a +4 ring of strength (on tentacle)
   (You found it on level 8 of the Dungeon)
 C - the ring "Wolexy Okhlen" (on tentacle) {+Fly rC++ MR+ AC+1 Str-4}
   (You found it on level 9 of the Dungeon)

   [ring of protection]

   It affects your AC (+1).
   It affects your strength (-4).
   It greatly protects you from cold.
   It affects your resistance to hostile enchantments.
   It lets you fly.
 F - a ring of fire (on tentacle) {rF+, rC-}
   (You found it on level 10 of the Dungeon)
 G - an uncursed ring of teleportation {+/*tele, !d}
   (You found it on level 4 of the Lair of Beasts)
 I - a ring of wizardry (on tentacle) {Wiz+, !d}
   (You found it on level 1 of the Lair of Beasts)
Wands
 d - a wand of digging (22)
   (You found it in a labyrinth)
 f - a wand of invisibility (1)
   (You found it on level 6 of the Lair of Beasts)
 A - a wand of paralysis (14)
   (You took it off Pikel on level 8 of the Dungeon)
 K - a wand of disintegration (8)
   (You found it on level 8 of the Lair of Beasts)
 M - a wand of digging (11)
   (You found it in a labyrinth)
Scrolls
 l - 3 scrolls of remove curse
 p - 2 scrolls of amnesia
 u - 3 scrolls of teleportation
 z - a scroll of recharging
 D - 3 scrolls of enchant armour
 J - a scroll of blinking {!r}
 L - 2 scrolls of fog
Potions
 h - 3 potions of heal wounds
 j - 5 potions of might
 n - 2 potions of agility
 o - a potion of invisibility
 w - 3 potions of curing
 x - 3 potions of haste
 E - 2 potions of resistance
 P - 2 potions of flight
Books
 q - a book of the Warp
   (You found it on level 5 of the Dungeon)
 r - a book of the Tempests
   (You found it on level 5 of the Dungeon)
Comestibles
 k - 7 royal jellies
 t - 2 slices of pizza
 B - 3 meat rations {@e2}
 H - 7 fruits
 N - 8 bread rations {@e1}


   Skills:
 - Level 8.2 Fighting
 - Level 10.0 Short Blades
   Level 3.0(3.1) Axes
   Level 1.0(2.1) Polearms
 - Level 8.2 Dodging
 - Level 21.2 Stealth
 + Level 8.2 Invocations


You had 12 spell levels left.
You didn't know any spells.

Dungeon Overview and Level Annotations

Branches:
Dungeon (10/15)            Temple (1/1) D:5            Lair (8/8) D:8
 Shoals (0/4) Lair:6       Spider (0/4) Lair:4          Orc (2/4) D:10
  Slime: Lair:6-8

Altars:
Ashenzari
Cheibriados
Dithmenos
Fedhas
Gozag
Kikubaaqudgha
Makhleb
Nemelex Xobeh
Okawaru
Qazlal
Ru
Sif Muna
Trog
Vehumet
Xom
Yredelemnul
Zin
The Shining One
Beogh

Shops:
D:4 ?   D:6 !   D:7 !

Annotations:
D:4 Nyvrem's ghost, amateur DsFi
D:8 Gastronok
Lair:4 exclusion: blink frog
Lair:5 exclusion: hydra


Innate Abilities, Weirdness & Mutations

You cannot wear most types of armour.
You are amphibious.
You can wear up to eight rings at the same time.
You can use your tentacles to constrict eight enemies at once.
Your skin changes colour to match your surroundings (Stealth).
Your rubbery body absorbs attacks (AC +1).


Message History

The orc priest closely misses you.
The orc shouts! x2
You hear a howl!
You hit the orc priest.
Space bends around the orc priest.
You constrict the orc priest. You hit the orc priest.
The orc priest looks slightly unstable.
You constrict the orc priest.
You kill the orc priest!
Dithmenos accepts your kill.
You puncture the orc!
You kill the orc!
Dithmenos accepts your kill. The orc warrior closely misses you.
The orc wizard gestures wildly while chanting.
The orc wizard seems to speed up.
The orc completely misses you. The orc hits you.
An orc comes into view.
The orc shouts!
You take 4 damage, and have 84/88 hp.
You hit the orc. You grab the orc. You constrict the orc. You hit the orc.
You kill the orc!
Dithmenos accepts your kill. The orc warrior barely misses you.
An orc priest comes into view. It is wielding a short sword.
The orc priest shouts!
You puncture the orc!
You kill the orc!
Dithmenos accepts your kill. The orc misses you.
The orc wizard points at you and mumbles some strange words.
The puff of frost hits you! You resist.
You take 3 damage, and have 82/88 hp.
The warg misses you. The orc barely misses you.
The orc warrior hits you from afar with a halberd!!
The warg misses you.
You see here a dagger of freezing.
You take 19 damage, and have 63/88 hp.
MASSIVE DAMAGE!!
You hit the warg.
The warg looks slightly unstable.
The orc wizard hits you but does no damage.
The orc completely misses you.
The orc hits you from afar with a trident.
An orc comes into view. It is wielding a club.
You take 2 damage, and have 61/88 hp.
The orc shouts!
You hit the warg. Your squeeze misses the warg.
The warg blinks!
The orc wizard barely misses you. The orc closely misses you.
The orc warrior hits you but does no damage.
You hit the orc wizard but do no damage.
You grab the orc wizard.
The orc wizard disappears!
You lose your grip on something.
The orc hits you but does no damage. The orc barely misses you.
You hit the orc. You grab the orc.
Your shadow hits the orc but does no damage.
You constrict the orc. The orc hits you but does no damage.
You completely miss the orc. You squeeze the orc.
You kill the orc!
Dithmenos accepts your kill.
The warg disappears!
The orc misses you.
The orc warrior hits you from afar with a halberd!
You take 9 damage, and have 53/88 hp.
You hit the orc.
You kill the orc!
Dithmenos accepts your kill. The orc barely misses you.
You closely miss the orc. You grab the orc.
You squeeze the orc, but do no damage. You constrict the orc.
The orc barely misses you.
You hit the orc.
You kill the orc!
Dithmenos accepts your kill. The orc warrior misses you.
The orc hits you from afar with a trident.
You take 5 damage, and have 49/88 hp.
You are too injured to fight recklessly!
You are too injured to fight recklessly!
You are too injured to fight recklessly!
Unknown command.
You are too injured to fight recklessly!
You barely miss the orc. Your grab misses the orc.
The orc priest calls down the wrath of Beogh upon you.
Something smites you! The orc misses you.
You take 11 damage, and have 38/88 hp.
You barely miss the orc. You grab the orc. You constrict the orc.
The orc warrior completely misses you.
Unknown command.
You hit the orc.
Space warps horribly around the orc!
You kill the orc!
Dithmenos accepts your kill. The orc closely misses you.
The orc warrior barely misses you. The orc hits you but does no damage.
The orc priest invokes the aid of Beogh against you.
Something smites you!
There is a stone staircase leading down here.
You take 11 damage, and have 27/88 hp.
The orc warrior hits you from afar with a halberd!!
* * * LOW HITPOINT WARNING * * *
The orc hits you from afar with a trident.
You die...

####...######.
$#..###....##
#.. ....
###.## ###
...# ### #
...##### #
#......#
##...$. ##)))#
#))@#
#.....o†.#
#.....oo##
##.....oh
.........#
....##.....
...# ###....
... ......


You could see a warg, an orc warrior, an orc priest and 2 orcs.

Vanquished Creatures
  A minotaur (Lab)
  Fannar (Lair:2)
  3 hydras
  A death yak (Lair:7)
  Pikel (D:8)
  A griffon (Lair:6)
  A centaur zombie (D:10)
  5 black mambas
  Psyche (D:8)
  11 spiny frogs
  4 fire drakes
  3 komodo dragons
  A queen bee (Lair:1)
  A minotaur zombie (Lab)
  A troll (D:9)
  The ghost of Andry07 the Slasher, a novice VSFi (Ossuary)
  A polar bear (Lair:6)
  3 blink frogs (Lair:8)
  Prince Ribbit (D:9)
  A two-headed ogre (D:8)
  A trapdoor spider zombie (D:9)
  A wyvern (Lair:3)
  A spriggan (D:8)
  28 yaks
  6 hippogriffs
  2 basilisks
  A steam dragon (D:9)
  5 vampire mosquitoes (Lair:8)
  9 wolves
  A mottled dragon (Lair:3)
  A warg (Orc:1)
  A hungry ghost (D:9)
  A slave (D:8)
  A swamp drake (D:10)
  2 black bears
  11 porcupines
  2 sky beasts
  13 water moccasins
  9 orc warriors
  2 ice beasts
  7 ogres
  9 crocodiles
  3 phantoms
  3 centaurs
  3 big kobolds (D:8)
  A gnoll sergeant (D:9)
  A wyvern zombie (D:6)
  27 giant frogs
  2 scorpions
  21 killer bees
  7 wights
  5 crimson imps
  5 hounds
  2 jellies
  A human zombie (Ossuary)
  A giant frog skeleton (D:6)
  9 iguanas
  15 orc priests
  2 centaur skeletons
  16 orc wizards
  6 worker ants
  13 sheep
  A killer bee zombie (D:8)
  A hound zombie (D:7)
  3 mummies (Ossuary)
  35 river rats
  7 gnolls
  17 adders
  2 shadow imps
  5 adder zombies
  3 adder skeletons
  A worm (D:2)
  4 giant geckos
  100 orcs
  3 ball pythons
  8 bats
  5 giant cockroaches
  5 goblins
  8 hobgoblins
  4 quokkas
  A giant gecko zombie (D:7)
  A giant newt (D:1)
  A goblin zombie (Ossuary)
  6 hobgoblin zombies (Ossuary)
  11 jackals
  16 kobolds
  2 kobold zombies (Ossuary)
  A quokka skeleton (D:9)
  A quokka zombie (Ossuary)
  8 rats
  2 rat zombies (Ossuary)
  2 fungi
564 creatures vanquished.

Vanquished Creatures (others)
  A death yak (Lair:7)
  3 spiny frogs
  A komodo dragon (Lair:2)
  2 fire drakes
  A giant leech (Lair:8)
  A troll (D:9)
  A wolf (Lair:1)
  A hippogriff (Lair:2)
  A hungry ghost (D:8)
  A water moccasin (Lair:8)
  A black bear (D:6)
  An orc warrior (D:10)
  An ogre (D:8)
  A slave (D:8)
  An ice beast (D:8)
  A crocodile (Lair:8)
  2 giant frogs (Lair:8)
  2 killer bees (Lair:1)
  2 wights (D:8)
  2 orc priests (D:10)
  An iguana (Lair:4)
  2 orc wizards
  A quasit (D:10)
  A sheep (Lair:7)
  An adder (D:9)
  A river rat (Lair:2)
  2 orcs
  A goblin zombie (Ossuary)
  A bush (Lair:8)
  42 fungi
  23 plants
103 creatures vanquished.

Grand Total: 667 creatures vanquished

Notes
Turn   | Place    | Note
--------------------------------------------------------------
     0 | D:1      | MackTheKnife the Octopode Wanderer began the quest for the Orb.
     0 | D:1      | MackTheKnife set off with: a +2 hand axe, 2 scrolls of teleportation, a +0 dagger, a bread ration {@e1}
     0 | D:1      | Reached XP level 1. HP: 16/16 MP: 1/1
   155 | D:1      | Reached skill level 3 in Stealth
   222 | D:1      | Reached XP level 2. HP: 21/21 MP: 2/2
   311 | D:1      | Reached skill level 4 in Stealth
  1103 | D:2      | Reached skill level 5 in Stealth
  1103 | D:2      | Reached XP level 3. HP: 26/26 MP: 3/3
  1166 | D:2      | HP: 6/26 [poisoned by an adder]
  1174 | D:2      | HP: 5/26 [poisoned by an adder]
  1182 | D:2      | HP: 3/26 [poisoned by an adder]
  1556 | D:2      | Reached skill level 6 in Stealth
  1556 | D:2      | Reached XP level 4. HP: 28/31 MP: 4/4
  1892 | D:3      | HP: 7/31 [orc/dagger (5)]
  2051 | D:3      | Reached skill level 7 in Stealth
  2072 | D:3      | Reached XP level 5. HP: 24/36 MP: 5/5
  2676 | D:4      | Noticed Nyvrem's ghost (amateur DsFi)
  2758 | D:4      | Noticed a phantom
  2773 | D:4      | Noticed an ogre
  2785 | D:4      | Found Delef's Magic Scroll Shop.
  2813 | D:4      | Killed an ogre
  2813 | D:4      | Reached skill level 8 in Stealth
  2813 | D:4      | Reached XP level 6. HP: 33/42 MP: 6/6
  2963 | D:4      | Reached skill level 9 in Stealth
  2983 | D:4      | Bought a scroll of remove curse for 36 gold pieces
  3055 | D:4      | Reached skill level 2 in Dodging
  3230 | D:4      | HP: 8/42 [phantom (9)]
  3235 | D:5      | Entered Level 5 of the Dungeon
  3405 | D:5      | Found a snail-covered altar of Cheibriados.
  3407 | D:5      | Found a radiant altar of Vehumet.
  3490 | D:5      | Found an ancient bone altar of Kikubaaqudgha.
  3541 | D:5      | Reached XP level 7. HP: 46/46 MP: 7/7
  3602 | D:5      | Reached skill level 3 in Dodging
  3627 | D:5      | Found a staircase to the Ecumenical Temple.
  3647 | Temple   | Entered the Ecumenical Temple
  3683 | Temple   | Became a worshipper of Dithmenos the Shadowed
  3745 | D:5      | Found a bloodstained altar of Trog.
  3745 | D:5      | Found a deep blue altar of Sif Muna.
  4010 | D:5      | Reached skill level 10 in Stealth
  4363 | D:6      | Found Agunawel's Distillery.
  4373 | D:6      | Bought a potion of curing for 45 gold pieces
  4398 | D:7      | Reached skill level 4 in Dodging
  4480 | D:7      | Found a sand-covered staircase.
  4629 | D:7      | Reached XP level 8. HP: 47/52 MP: 8/8
  4703 | D:7      | Found Texteal's Distillery.
  4738 | Ossuary  | Entered an ossuary
  4739 | Ossuary  | Gained mutation: You have very sharp teeth. [potion of mutation]
  4739 | Ossuary  | Gained mutation: You have a pair of small antennae on your head. [potion of mutation]
  4739 | Ossuary  | Gained mutation: You expend magic power (3 MP) to strengthen your wands. [potion of mutation]
  4740 | Ossuary  | Lost mutation: You have a pair of small antennae on your head. [potion of cure mutation]
  4740 | Ossuary  | Lost mutation: You expend magic power (3 MP) to strengthen your wands. [potion of cure mutation]
  4740 | Ossuary  | Lost mutation: You have very sharp teeth. [potion of cure mutation]
  4748 | Ossuary  | Reached skill level 11 in Stealth
  4874 | Ossuary  | Noticed Andry07's ghost (novice VSFi)
  4891 | Ossuary  | Killed Andry07's ghost
  4891 | Ossuary  | Reached skill level 5 in Dodging
  4906 | Ossuary  | Reached * piety under Dithmenos
  5306 | D:7      | Reached skill level 12 in Stealth
  5311 | D:7      | Found a blossoming altar of Fedhas.
  5333 | D:7      | Reached skill level 6 in Dodging
  5390 | D:7      | HP: 11/52 [wight/falchion (4)]
  5394 | D:7      | HP: 3/52 [wight/falchion (10)]
  5405 | D:7      | Reached XP level 9. HP: 18/56 MP: 9/9
  5655 | D:7      | HP: 9/56 [wyvern zombie (13)]
  5850 | D:7      | Reached skill level 7 in Dodging
  6047 | D:7      | Reached ** piety under Dithmenos
  6047 | D:7      | Reached skill level 13 in Stealth
  6208 | D:8      | Noticed Pikel
  6215 | D:8      | Killed Pikel
  6222 | D:8      | Noticed Psyche
  6229 | D:8      | Killed Psyche
  6229 | D:8      | Reached skill level 8 in Dodging
  6229 | D:8      | Reached skill level 14 in Stealth
  6275 | D:8      | Reached skill level 1 in Short Blades
  6316 | D:8      | Reached skill level 2 in Short Blades
  6389 | D:8      | Reached skill level 3 in Short Blades
  6389 | D:8      | Reached XP level 10. HP: 63/63 MP: 10/10
  6410 | D:8      | Reached skill level 4 in Short Blades
  6413 | D:8      | Noticed Gastronok
  6495 | D:8      | Reached skill level 5 in Short Blades
  6617 | D:8      | Found a staircase to the Lair.
  6717 | D:8      | Reached *** piety under Dithmenos
  6776 | D:8      | Reached skill level 6 in Short Blades
  6818 | D:8      | Found a glowing golden altar of the Shining One.
  7099 | D:5      | Found a shattered altar of Ashenzari.
  7292 | D:6      | Reached skill level 7 in Short Blades
  7957 | D:4      | Bought a scroll of enchant weapon for 90 gold pieces
  7957 | D:4      | Bought a scroll of enchant weapon for 90 gold pieces
  8112 | D:8      | Identified a scroll of acquirement
  8208 | D:9      | Reached skill level 8 in Short Blades
  8264 | D:9      | Got a wavering brass ring
  8265 | D:9      | Identified the ring "Wolexy Okhlen" {+Fly rC++ MR+ AC+1 Str-4} (You found it on level 9 of the Dungeon)
  8317 | D:9      | Noticed Prince Ribbit
  8326 | D:9      | Killed Prince Ribbit
  8369 | D:9      | Reached skill level 9 in Short Blades
  8381 | D:9      | Reached **** piety under Dithmenos
  8717 | D:9      | Reached XP level 11. HP: 67/67 MP: 11/11
  8873 | D:9      | Reached skill level 10 in Short Blades
  8887 | D:9      | Reached skill level 4 in Fighting
  8954 | D:9      | Found a roughly hewn altar of Beogh.
  9149 | D:10     | Entered Level 10 of the Dungeon
  9176 | D:10     | Reached skill level 5 in Fighting
  9704 | D:10     | HP: 15/72 [orc warrior/trident (6)]
  9816 | D:10     | Reached skill level 6 in Fighting
  9865 | D:10     | Found a staircase to the Orcish Mines.
 10048 | Lair:1   | Entered Level 1 of the Lair of Beasts
 10114 | Lair:1   | Reached ***** piety under Dithmenos
 10114 | Lair:1   | Reached skill level 7 in Fighting
 10271 | Lair:1   | Reached skill level 8 in Fighting
 10929 | Lair:2   | Reached skill level 15 in Stealth
 11206 | Lair:2   | Reached XP level 12. HP: 83/83 MP: 12/12
 11215 | Lair:2   | Noticed an eight-headed hydra
 11223 | Lair:2   | Killed an eight-headed hydra
 11223 | Lair:2   | Reached skill level 16 in Stealth
 11272 | Lair:2   | Noticed Fannar
 11277 | Lair:2   | Killed Fannar
 11305 | Lair:2   | Reached skill level 17 in Stealth
 11979 | Lair:3   | Reached skill level 18 in Stealth
 12846 | Lair:4   | Reached skill level 19 in Stealth
 13015 | Lair:4   | Found a hole to the Spider Nest.
 13126 | Lair:5   | Noticed a five-headed hydra
 13127 | Lair:5   | Found a labyrinth entrance.
 13134 | Lab      | Entered a labyrinth
 13196 | Lab      | Noticed a minotaur
 13198 | Lab      | Killed a minotaur
 13439 | Lair:5   | HP: 13/83 [komodo dragon (15)]
 13440 | Lair:5   | Reached XP level 13. HP: 13/88 MP: 13/13
 13826 | Lair:6   | Reached skill level 20 in Stealth
 13965 | Lair:6   | Found a staircase to the Shoals.
 14436 | Lair:7   | Reached skill level 21 in Stealth
 14840 | Lair:8   | Entered Level 8 of the Lair of Beasts
 14870 | Lair:8   | Reached skill level 1 in Invocations
 14944 | Lair:8   | Reached skill level 2 in Invocations
 15123 | Lair:8   | Reached skill level 3 in Invocations
 15226 | Lair:8   | Reached skill level 4 in Invocations
 15401 | Lair:8   | Reached skill level 5 in Invocations
 15579 | Lair:8   | Got a crude scimitar
 15649 | Lair:8   | Reached skill level 6 in Invocations
 15865 | Lair:7   | Reached skill level 7 in Invocations
 16303 | Orc:1    | Entered Level 1 of the Orcish Mines
 16348 | Orc:1    | Reached ****** piety under Dithmenos
 16447 | Orc:2    | Reached skill level 8 in Invocations
 16697 | Orc:2    | Found a roughly hewn altar of Beogh.
 17033 | Orc:1    | HP: 2/88 [orc warrior/halberd (26)]
 17033 | Orc:1    | Slain by an orc

Action                   |  1- 3 |  4- 6 |  7- 9 | 10-12 | 13-15 || total
-------------------------+-------+-------+-------+-------+-------++-------
Melee: Hand axe          |    55 |   153 |   216 |       |       ||   424
       Dagger            |       |       |    38 |   633 |   405 ||  1076
Invok: Shadow Step       |       |       |       |     2 |       ||     2
 Abil: Evoke Flight      |       |       |       |     1 |       ||     1
Evoke: Wand              |       |       |       |       |     2 ||     2
  Use: Scroll            |       |     5 |     2 |    21 |     7 ||    35
       Potion            |       |       |    10 |     2 |       ||    12
 Stab: Sleeping          |     6 |    12 |    23 |    97 |    58 ||   196
       Distracted        |     1 |     1 |     2 |     6 |     3 ||    13
  Eat: Chunk             |     1 |     8 |     8 |    20 |     6 ||    43
       Bread ration      |       |       |     1 |       |     1 ||     2
       Beef jerky        |       |       |       |     5 |     2 ||     7

Vault maps used:
D:1:      evilmike_arrival_hilbert_curve, minivault_27, patterned_corridor
D:2:      minmay_shallow_snake_nest
D:4:      serial_shops, shop, uniq_blork_the_orc
D:5:      kiku_gazebo_pond_becter, nicolae_overflow_hidden_temple,
          minmay_temple_entry_glass, first_bread,
          hangedman_abyss_or_decor_passed, nrook_mini_backslash
D:6:      serial_shops, shop, lightli_sewer_entry_pipes,
          kennysheep_generic_room_6
D:7:      nicolae_ossuary_entry_false_entrances, serial_shops, shop,
          fedhas_altar_1
D:8:      kennysheep_little_box, lair_0_dummy, the_bakery, uniq_gastronok,
          uniq_psyche, uniq_pikel
D:9:      special_room, uniq_prince_ribbit1
D:10:     erik_orc_1, abandoned_shop, spider_trap
Temple:   circular_temple_12
Lair:1:   special_room, st_stairs_9
Lair:2:   beast_lair_carwin_6, grunt_megastairs_2, uniq_fannar
Lair:3:   bobbens_dragon_lair_wall, serial_bayou_shore_b
Lair:4:   spider_nest_entry_a, lemuel_fruit_fields
Lair:5:   lab_entry_generic
Lair:6:   elwin_shoals_entry_rocks, infiniplex_staircase_pool
Lair:8:   minmay_lair_end_frog_pond, slime_altar_1
Orc:2:    basic_altar
Lab:      labyrinth_hidden_loot
Ossuary:  ossuary_minmay_chase

Table legend:
 A = Turns spent in this place as a percentage of turns spent in the entire game.
 B = Non-inter-level travel turns spent in this place as a percentage of non-inter-level travel turns spent in the entire game.
 C = Inter-level travel turns spent in this place as a percentage of turns spent in this place.
 D = Turns resting spent in this place as a percentage of non-inter-level travel turns spent in this place.
 E = Turns spent auto-exploring this place as a percentage of non-inter-level travel turns spent in this place.
 F = Non-inter-level travel turns spent in this place divided by the number of levels of this place that you've seen.
                   A       B       C       D       E      F
               +-------+-------+-------+-------+-------+----------------------
         Total | 100.0 | 100.0 |   0.5 |   2.2 |   5.6 | 324.0
       Dungeon |  53.7 |  53.6 |   0.6 |   2.2 |   6.4 | 399.3
        Temple |   0.6 |   0.6 |   0.0 |   0.0 |   0.0 |  45.0
          Lair |  37.9 |  38.0 |   0.3 |   2.4 |   4.3 | 353.6
  Orcish Mines |   4.2 |   4.1 |   1.0 |   0.0 |  13.3 | 154.0
     Labyrinth |   1.4 |   1.4 |   0.0 |   0.0 |   0.0 | 105.0
       Ossuary |   2.3 |   2.3 |   0.0 |   4.1 |   0.0 | 171.0
               +-------+-------+-------+-------+-------+----------------------

Table legend:
 A = Kills in this place as a percentage of kills in entire the game.
 B = Kills by you in this place as a percentage of kills by you in the entire game.
 C = Kills by friends in this place as a percentage of kills by friends in the entire game.
 D = Other kills in this place as a percentage of other kills in the entire game.
 E = Experience gained in this place as a percentage of experience gained in the entire game.
 F = Experience gained in this place divided by the number of levels of this place that you have seen.
                   A       B       C       D       E      F
               +-------+-------+-------+-------+-------+----------------------
         Total | 100.0 | 100.0 |  -nan | 100.0 | 100.0 | 2249.9
       Dungeon |  50.5 |  51.2 |  -nan |  37.5 |  23.4 | 1210.5
          Lair |  37.0 |  35.7 |  -nan |  59.4 |  70.4 | 4550.8
  Orcish Mines |   8.8 |   9.1 |  -nan |   3.1 |   2.7 | 687.5
     Labyrinth |   0.3 |   0.4 |  -nan |   0.0 |   2.8 | 1433.0
       Ossuary |   3.4 |   3.6 |  -nan |   0.0 |   0.8 | 428.0
               +-------+-------+-------+-------+-------+----------------------
